 Dungeon Crawl Stone Soup version 0.32-a0-411-g744942f433 (webtiles) character file.

Game seed: 10875750197308430716

1510 oldriver the Magician (level 8, -2/61 HPs)
             Began as a Demonspawn Conjurer on Feb 20, 2024.
             Was an Initiate of Gozag.
             Slain by a gargoyle
             ... wielding a +0 morningstar
              (23 damage)
             ... on level 7 of the Dungeon.
             The game lasted 00:08:02 (7223 turns).

oldriver the Magician (Demonspawn Conjurer)         Turns: 7223, Time: 00:08:03

Health: -2/61      AC: 12    Str: 10      XL:     8   Next: 53%
Magic:  4/17       EV: 12    Int: 20 (21) God:    Gozag
Gold:   632        SH:  9    Dex: 11 (12) Spells: 8/19 levels left

rFire   . . .        t - +8 flail of Gumpev {freeze, rCorr}
rCold   . . .        (no shield)
rNeg    . . .        w - +1 robe of the Stone Wall {Str+3 Archmagi}
rPois   .            (helmet restricted)
rElec   .            b - +0 cloak
rCorr   +            (no gloves)
SInv    .            (no boots)
Will    .....        q - amulet of reflection
Stlth   +++          e - +4 ring of protection
HPRegen 0.30/turn    f - +4 ring of protection
MPRegen 0.15/turn

%: reflection, archmagi
@: no status effects
A: horns 2, condensation shield
a: Renounce Religion, Potion Petition, Call Merchant, Bribe Branch


You were on level 7 of the Dungeon.
You worshipped Gozag.
Gozag was pleased with you.
You visited 2 branches of the dungeon, and saw 8 of its levels.

You collected 736 gold pieces.
You paid 104 gold pieces to Gozag.

Inventory:

Hand Weapons
 t - the +8 flail of Gumpev (weapon) {freeze, rCorr}
   (You found it on level 6 of the Dungeon)

   rCorr:     It protects you from acid and corrosion.
Missiles
 D - a throwing net
Armour
 b - a +0 cloak (worn)
 w - the +1 robe of the Stone Wall (worn) {Str+3 Archmagi}
   (You found it on level 6 of the Dungeon)

   Str+3:     It affects your strength (+3).
   Archmagi:  It increases the power of your magical spells.
Jewellery
 e - a +4 ring of protection (left hand)
 f - a +4 ring of protection (right hand)
 q - an amulet of reflection (around neck)
 r - a ring of fire
 B - an amulet of guardian spirit
Wands
 a - a wand of mindburst (16)
 l - a wand of flame (24)
 v - a wand of polymorph (8)
 x - a wand of charming (12)
 A - a wand of roots (5)
Scrolls
 d - a scroll of amnesia {unknown}
 h - a scroll of fear
 i - 2 scrolls of vulnerability
 j - 4 scrolls of teleportation
 n - a scroll of silence
 y - a scroll of revelation {unknown}
 z - a scroll of identify
Potions
 c - 3 potions of mutation
 g - a potion of haste {unknown}
 k - a potion of degeneration
 m - a potion of brilliance {unknown}
 o - 2 potions of ambrosia
 p - 2 potions of might {unknown}
 s - a potion of resistance {unknown}
 u - a potion of curing
 C - a potion of invisibility {unknown}


   Skills:
 + Level 4.5 Fighting
 - Level 1.7 Dodging
 - Level 5.0 Stealth
 * Level 6.4 Spellcasting
 + Level 6.2 Conjurations
 + Level 0.5 Translocations


You had 8 spell levels left.
You knew the following spells:

 Your Spells              Type           Power      Damage    Failure   Level
a - Magic Dart            Conj           100%       1d8       1%          1
b - Searing Ray           Conj           92%        2d7       1%          2
c - Fulminant Prism       Conj/Alch      14%        3d9       28%         4
d - Iskenderun's Mystic   Conj/Tloc      30%        2d8       24%         4

Your spell library contained the following spells:

 Spells                   Type           Power      Damage    Failure   Level
 Lesser Beckoning         Tloc           26%        N/A       12%         2
 Mephitic Cloud           Conj/Alch/Air  22%        N/A       13%         3
 Mercury Vapours          Alch/Air       18%        N/A       16%         2
 Gell's Gravitas          Tloc           13%        N/A       24%         3
 Teleport Other           Tloc           13%        N/A       24%         3
 Freezing Cloud           Conj/Ice/Air   11%        6-21      75%         5


Dungeon Overview and Level Annotations

Branches:
Dungeon (7/15)             Temple (1/1) D:4

Altars:
Ashenzari
Cheibriados
Dithmenos
Fedhas
Gozag
Hepliaklqana
Kikubaaqudgha
Makhleb
Nemelex Xobeh
Okawaru
Qazlal
Ru
Trog
Uskayaw
Vehumet
Wu Jian
Xom
Yredelemnul

Shops:
D:1 (![**

Annotations:
D:2 1 runed translucent door, Crazy Yiuf


Innate Abilities, Weirdness & Mutations

You have a pair of horns on your head.
A meltable shield of frost defends you. (SH +4)


Message History

The stone arrow hits you but does no damage.
The searing ray misses the gargoyle.
The searing ray hits the gargoyle but does no damage.
The gargoyle is heavily damaged.
You finish channelling your searing ray.
Casting: Searing Ray (safe; 1% risk of failure)
Confirm with . or Enter, or press ? or * to list all spells.
Aiming: Searing Ray (safe; 1% risk of failure)
Press: ? - help, Shift-Dir - straight line, f/p - gargoyle
Aim: a gargoyle, wielding a +0 morningstar (moderately damaged, 91% to hit)
You feel a surge of power!
The searing ray hits the gargoyle but does no damage.
The gargoyle is moderately damaged. (Press . to maintain the ray.)
The gargoyle hits you with a +0 morningstar!
The searing ray hits the gargoyle.
The gargoyle is heavily damaged.
You block the gargoyle's attack.
The searing ray hits the gargoyle but does no damage.
The gargoyle is heavily damaged.
The gargoyle hits you with a +0 morningstar!!
The searing ray hits the gargoyle.
The gargoyle is heavily damaged.
You finish channelling your searing ray.
The gargoyle misses you.
Casting: Searing Ray (safe; 1% risk of failure)
Confirm with . or Enter, or press ? or * to list all spells.
Aiming: Searing Ray (safe; 1% risk of failure)
Press: ? - help, Shift-Dir - straight line, f/p - gargoyle
Aim: a gargoyle, wielding a +0 morningstar (heavily damaged, 91% to hit)
You feel a surge of power!
The searing ray hits the gargoyle but does no damage.
The gargoyle is heavily damaged. (Press . to maintain the ray.)
The gargoyle hurls a stone arrow at you.
The stone arrow hits you!
The searing ray misses the gargoyle.
The gargoyle hits you with a +0 morningstar!!
You die...
Your body crumbles into a pile of gold.

#....~.. ##.#####........
##....~~.###...........^..
..≈≈≈≈≈≈≈##....#)#.......
###....##.....####.#####.##
##....#......#### #)# #.#
####..###.....#.# #)# #.#
##....##......##)# #####.#####.#
...###......#>##9# #.........#.#
..........###.##@# #.........#.#
####.......##.#..###.........#.#
......###....................#.#
............#...####.........#.#
..#.........##...# #.........#.#
#...........##.#.# ###########.#
###.........##.#.# #.#
.........##.#.# ##.#
.........##.#.# ######..##


You could see a gargoyle.

Vanquished Creatures
  Sigmund (D:2)
  Eustachio (D:4)
  Edmund (D:4)
  2 ice beasts
  A phantom (D:5)
  2 scorpions
  A gnoll sergeant (D:7)
  A howler monkey (D:5)
  3 hounds
  A quasit (D:5)
  An orc priest (D:6)
  An iguana (D:4)
  5 orc wizards
  Robin (D:3)
  5 adders
  2 shadow imps (D:5)
  4 white imps
  2 dart slugs (D:2)
  A ribbon worm (D:2)
  26 orcs
  5 ball pythons
  6 endoplasms
  3 giant cockroaches
  10 hobgoblins
  3 quokkas
  7 bats
  2 frilled lizards
  17 goblins
  5 kobolds
  4 rats
124 creatures vanquished.

Notes
Turn   | Place    | Note
-------+----------+-------------------------------------------
     0 | D:1      | oldriver the Demonspawn Conjurer began the quest for the
                  | Orb.
     0 | D:1      | Reached XP level 1. HP: 13/13 MP: 3/3
    94 | D:1      | Found Jado's Assorted Antiques.
   239 | D:1      | Found a faded altar of an unknown god.
   292 | D:1      | Gained mutation: A meltable shield of frost defends you.
                  | (SH +4) [demonic ancestry]
   292 | D:1      | Reached XP level 2. HP: 20/20 MP: 0/5
   510 | D:1      | Found Soptapn's Assorted Antiques.
   521 | D:1      | Found Zucsufame's Distillery.
   637 | D:1      | Found Nothrovoi's Antique Weapon Boutique.
   677 | D:1      | Found Situengi's Antique Armour Shop.
   983 | D:2      | Reached skill level 1 in Fighting
   983 | D:2      | Reached XP level 3. HP: 17/26 MP: 2/6
  1433 | D:2      | Found the amulet of Elemental Vulnerability {rPois rF--
                  | rC-- AC+8}
  1462 | D:2      | Gained mutation: You have a pair of small horns on your
                  | head. [demonic ancestry]
  1462 | D:2      | Reached XP level 4. HP: 30/32 MP: 4/8
  1707 | D:2      | Found a runed translucent door.
  1708 | D:2      | Noticed Crazy Yiuf
  1728 | D:2      | Noticed Sigmund
  1862 | D:2      | Killed Sigmund
  1863 | D:2      | Reached XP level 5. HP: 23/38 MP: 4/10
  2012 | D:3      | Learned a level 2 spell: Searing Ray
  2069 | D:3      | Noticed Robin
  2086 | D:3      | Reached XP level 6. HP: 46/46 MP: 6/11
  2206 | D:3      | Killed Robin
  3041 | D:3      | Learned a level 4 spell: Fulminant Prism
  3046 | D:3      | Learned a level 4 spell: Iskenderun's Mystic Blast
  3180 | D:4      | Reached skill level 5 in Conjurations
  3457 | D:4      | Noticed Eustachio
  3533 | D:4      | Killed Eustachio
  3534 | D:4      | Gained mutation: You have a pair of horns on your head.
                  | [demonic ancestry]
  3534 | D:4      | Reached XP level 7. HP: 47/52 MP: 2/14
  3782 | D:4      | Reached skill level 5 in Spellcasting
  3877 | D:4      | Noticed Edmund
  4067 | D:4      | Killed Edmund
  4156 | D:4      | Found a staircase to the Ecumenical Temple.
  4607 | Temple   | Entered the Ecumenical Temple
  4635 | Temple   | Became a worshipper of Gozag Ym Sagoz the Greedy
  4674 | D:5      | Entered Level 5 of the Dungeon
  4902 | D:5      | Reached XP level 8. HP: 59/60 MP: 11/16
  5755 | D:6      | Identified the +8 flail of Gumpev {freeze, rCorr}
  5880 | D:6      | Identified the +1 robe of the Stone Wall {Str+3 Archmagi}
  6977 | D:7      | Reached skill level 5 in Stealth
  7142 | D:7      | Noticed a gargoyle
  7223 | D:7      | Slain by a gargoyle

Illustrated notes

Levels and vault maps discovered:
D:1:      eino_arrival_cavern_a, layout_loops_ring, serial_shops,
          shop_fountains, shop, nicolae_shop_hallway_plus, shop, shop,
          shapermc_ecumenical_altar_flowoftime, supply_closet_lemuel,
          hangedman_decor_push
D:2:      layout_rooms, minmay_misc_feat_plants, dreamdust_wishing_well,
          hangedman_decor_opposing, uniq_sigmund, uniq_crazy_yiuf_cottage
D:3:      layout_rooms, uniq_robin
D:4:      layout_rooms, minmay_temple_entry_proselytizer, serial_forest,
          infiniplex_forest_clump_curved, infiniplex_forest_lined_2,
          infiniplex_forest_lined_room_, infiniplex_forest_end_2,
          infiniplex_forest_zigzag_1, infiniplex_forest_clump_diagonal,
          infiniplex_forest_end_3, uniq_edmund, uniq_eustachio
D:5:      cheibrodos_quashed, layout_gridville, serial_demonic,
          serial_demonic_g, serial_demonic_c, serial_demonic_b, serial_demonic_f
D:6:      layout_basic
D:7:      layout_rooms, chequers_serial_rivers_micro_e, st_stairs_6
Temple:   compressed_dpeg_circular_temple

Skill      XL: |  1  2  3  4  5  6  7  8 |
---------------+-------------------------+-----
Stealth        | 2 3 4 5 |  5.0
Fighting       | 1 2 3 4 |  4.5
Spellcasting   | 3 4 5 6 |  6.4
Conjurations   | 5 6 |  6.2
Dodging        | |  1.7
Translocations | |  0.5

Action                     |  1- 3 |  4- 6 |  7- 9 || total
---------------------------+-------+-------+-------++-------
  Melee: Spear             |    31 |    15 |       ||    46
   Cast: Magic Dart        |    49 |   134 |    92 ||   275
         Searing Ray       |       |     2 |    24 ||    26
    Use: Potion            |       |     1 |     2 ||     3
         Scroll            |       |     5 |     6 ||    11
 Armour: Robe              |    17 |    18 |    23 ||    58
  Dodge: Dodged            |    15 |    17 |    13 ||    45
  Block: Other             |     4 |     2 |     7 ||    13
         Reflection        |       |       |     1 ||     1

Table legend: (Time is in decaauts)
 A = Elapsed time spent in this place.
 B = Non-inter-level travel time spent in this place.
 C = Inter-level travel time spent in this place.
 D = Time resting spent in this place.
 E = Time spent auto-exploring this place.
 F = Levels seen in this place.
 G = Mean time per level.
                   A        B        C        D        E       F      G
               +--------+--------+--------+--------+--------+-----+--------+
         Total |   7228 |   7014 |    214 |   1117 |   5007 |   8 |  903.5 |
       Dungeon |   7171 |   7012 |    159 |   1117 |   5007 |   7 | 1024.4 |
        Temple |     56 |      1 |     55 |      0 |      0 |   1 |   56.0 |
               +--------+--------+--------+--------+--------+-----+--------+

Top non-repeatable levels by time:
     D:4: 1436 daAuts
     D:3: 1186 daAuts
     D:6: 1121 daAuts
     D:5: 1073 daAuts
     D:2: 1031 daAuts
     D:1: 969 daAuts
     D:7: 352 daAuts
  Temple: 56 daAuts
